 Dungeon Crawl Stone Soup version 0.28-a0-1130-gc51a68064b (webtiles) character file.

Game seed: 13116938821232949201

9430 ragingrage the Cleaver (level 11, 0/64 HPs)
             Began as a Gargoyle Artificer on Dec 12, 2021.
             Was an Elder of Okawaru.
             Slain by a tentacled starspawn (19 damage)
             ... on level 1 of the Abyss.
             The game lasted 00:28:04 (17332 turns).

ragingrage the Cleaver (Gargoyle Artificer)        Turns: 17332, Time: 00:28:04

Health: 0/64       AC: 22    Str: 19    XL:     11   Next: 46%
Magic:  11/12      EV: 13    Int: 11    God:    Okawaru [****..]
Gold:   283        SH:  0    Dex: 12    Spells: 10/10 levels left

rFire   + . .      SeeInvis .   a - +3 hand axe (freeze)
rCold   + . .      Faith    .   (no shield)
rNeg    + . .      Spirit   .   D - +1 acid dragon scales
rPois   ∞          Reflect  .   (no helmet)
rElec   +          Harm     .   u - scarf {rC+ rF+}
rCorr   +          Rampage  .   (no gloves)
Will    .....                   z - +0 pair of boots
Stlth   +++.......              w - amulet of the acrobat
HPRegen 0.20/turn               f - +4 ring of protection
MPRegen 0.13/turn               (no ring)

@: heroic
A: sickness immunity, AC +8, negative energy resistance 1, electricity
resistance, torment resistance 1, petrification resistance
a: Renounce Religion, Heroism, Finesse


You were on level 1 of the Abyss.
You worshipped Okawaru.
Okawaru was greatly pleased with you.
You visited 2 branches of the dungeon, and saw 11 of its levels.
You visited the Abyss 1 time.

You collected 432 gold pieces.
You spent 149 gold pieces at shops.

Inventory:

Hand Weapons
 a - a +3 hand axe of freezing (weapon)
 b - a +3 hunting sling of flaming
 k - a +1 dagger of venom
 m - a +2 broad axe of flaming
Missiles
 h - 8 boomerangs
 o - 65 sling bullets
 p - 27 poisoned darts (quivered)
 E - 2 curare-tipped darts
Armour
 u - a scarf of resistance (worn)
 z - a +0 pair of boots (worn)
 D - +1 acid dragon scales (worn)
 F - a +2 helmet of see invisible
Jewellery
 f - a +4 ring of protection (left hand)
 w - an amulet of the acrobat (around neck)
Wands
 c - a wand of flame (11)
 d - a wand of charming (15)
 y - a wand of digging (5)
Scrolls
 n - a scroll of torment {unknown}
 q - a scroll of blinking
 r - 10 scrolls of identify
 s - a scroll of amnesia
 t - a scroll of immolation
 B - a scroll of fog
Potions
 g - a potion of brilliance
 i - 2 potions of invisibility
 l - a potion of heal wounds
 v - a potion of flight
 x - a potion of resistance
 A - a potion of attraction
 C - a potion of might
Miscellaneous
 e - a piece from Xom's chessboard (15/15)


   Skills:
 - Level 5.9(10.9) Fighting
 * Level 13.3(18.3) Axes
 - Level 2.1(7.1) Armour
 - Level 0.7(5.7) Dodging
 - Level 1.1(6.1) Stealth
 - Level 1.7 Invocations
 - Level 8.0 Evocations


You had 10 spell levels left.
You didn't know any spells.
Your spell library contained the following spells:

 Spells                   Type           Power      Damage    Failure   Level
 Pain                     Necr           0%         1d4       41%         1
 Slow                     Hex            0%         N/A       41%         1
 Confusing Touch          Hex            0%         N/A       80%         3
 Vampiric Draining        Necr           0%         2d6       80%         3
 Animate Skeleton         Necr           Unusable   N/A       N/A         1

Dungeon Overview and Level Annotations

Branches:
Dungeon (10/15)            Temple (1/1) D:6
   Lair: D:8-11         Orc: D:9-12

Altars:
Ashenzari
Cheibriados
Dithmenos
Elyvilon
Fedhas
Gozag
Hepliaklqana
Kikubaaqudgha
Makhleb
Nemelex Xobeh
Okawaru
Qazlal
Ru
Sif Muna
Trog
Uskayaw
Vehumet
Wu Jian
Xom
Yredelemnul
Zin
The Shining One

Shops:
D:1 *?*[!   D:5 *

Annotations:
D:6 2 transporters
D:8 exclusion: downstairs
D:10 Psyche


Innate Abilities, Weirdness & Mutations

You are immune to sickness and miasma.
Your stone body is resilient. (AC +8)
You are immune to poison.
You resist negative energy. (rN+)
You are resistant to electric shocks. (rElec)
You are resistant to unholy torment.
You are immune to petrification.


Message History

Aiming: Throw Flame
Press: ? - help, Shift-Dir - straight line, f - starspawn tentacle segment
Aim: a starspawn tentacle segment (100% to hit)
The puff of flame hits the starspawn tentacle segment.
The starspawn tentacle segment is moderately damaged.
The starspawn tentacle grabs you. The starspawn tentacle constricts you.
Aiming: Throw Flame
Press: ? - help, Shift-Dir - straight line, f - starspawn tentacle segment
Aim: a starspawn tentacle segment (moderately damaged, 100% to hit)
The puff of flame hits the starspawn tentacle segment!
The starspawn tentacle segment is severely damaged.
The starspawn tentacle loses its grip on you.
The tentacle pulls you backwards! The starspawn tentacle grabs you.
The starspawn tentacle constricts you.
You hit the starspawn tentacle but do no damage.
The starspawn tentacle is severely damaged.
The starspawn tentacle loses its grip on you.
The tentacle pulls you backwards!
You hit the starspawn tentacle. You freeze the starspawn tentacle.
You destroy the starspawn tentacle!
You hit the starspawn tentacle. You freeze the starspawn tentacle.
The starspawn tentacle grabs you. The starspawn tentacle constricts you.
The starspawn tentacle loses its grip on you.
The tentacle pulls you backwards!
You hit the starspawn tentacle. You freeze the starspawn tentacle.
The starspawn tentacle is moderately damaged.
You hit the starspawn tentacle but do no damage.
The starspawn tentacle is moderately damaged.
The starspawn tentacle grabs you. The starspawn tentacle constricts you.
* * * LOW HITPOINT WARNING * * *
The starspawn tentacle loses its grip on you.
The tentacle pulls you backwards!
A tentacle flies out from the starspawn's body!
A starspawn tentacle comes into view.
You slash the tentacled starspawn! You freeze the tentacled starspawn.
The tentacled starspawn is moderately damaged.
You slash the tentacled starspawn! You freeze the tentacled starspawn.
The tentacled starspawn is heavily damaged.
The tentacled starspawn bites you!!
You die...

... .. ##.##
#.#
#...###...
#....#..
#....Λ.
#.Λ./#
###w.X#
#.##@## # #
#...## /.
#.#....#/ ..
#.#....w.. .
#.....#....
####.###...#
### #.## ..#
..


You could see a tentacled starspawn and 2 starspawn tentacles.

Vanquished Creatures
  A hydra (D:9)
  A two-headed ogre (D:8)
  Pikel (D:9)
  Maggie (D:7)
  3 trolls
  A hornet (D:7)
  A flying skull (Abyss:1)
  Sigmund (D:2)
  2 wyverns
  Eustachio (D:5)
  Grum (D:8)
  5 yaks (D:7)
  A chaos spawn (Abyss:1)
  A steam dragon (D:7)
  Duvessa (D:5)
  5 orc warriors
  2 ice beasts (D:6)
  4 sky beasts
  A black bear (D:7)
  4 ogres
  3 centaurs
  4 wolves
  A phantom (D:4)
  3 bullfrogs
  2 small abominations (Abyss:1)
  A wyvern zombie (D:8)
  3 scorpions
  Dowan (D:5)
  A water moccasin skeleton (D:5)
  15 wights
  A howler monkey (D:8)
  A jelly (D:7)
  5 hounds
  Crazy Yiuf (D:3)
  5 centaur zombies
  8 orc priests
  Jessica (D:2)
  Ijyb (D:3)
  Terence (D:2)
  5 orc wizards
  A hound skeleton (D:4)
  2 howler monkey zombies
  9 adders
  A white imp (D:7)
  2 ufetubi
  An adder zombie (D:5)
  An adder skeleton (D:4)
  28 orcs
  5 bats
  2 endoplasms
  4 giant cockroaches
  3 goblins
  8 hobgoblins
  6 kobolds
  5 quokkas
  5 ball pythons
  4 frilled lizards
  6 rats
  A starspawn tentacle (Abyss:1)
195 creatures vanquished.

Vanquished Creatures (others)
  A fungus (D:8)
1 creature vanquished.

Grand Total: 196 creatures vanquished

Notes
Turn   | Place    | Note
-------+----------+-------------------------------------------
     0 | D:1      | ragingrage the Gargoyle Artificer began the quest for the
                  | Orb.
     0 | D:1      | Reached XP level 1. HP: 12/12 MP: 1/1
   327 | D:1      | Reached XP level 2. HP: 13/17 MP: 2/2
  1082 | D:1      | Found a faded altar of an unknown god.
  1202 | D:1      | Found Zimuseut's Assorted Antiques.
  1354 | D:1      | Found Fuodwiha's Distillery.
  1476 | D:1      | Found Deskahaj's Armour Emporium.
  1506 | D:1      | Found Luecwickonk's General Store.
  1538 | D:1      | Found Wycloj's Magic Scroll Boutique.
  1703 | D:2      | Noticed Jessica
  1710 | D:1      | Reached XP level 3. HP: 14/21 MP: 3/3
  1778 | D:1      | Bought a scroll of teleportation for 30 gold pieces
  1989 | D:2      | Killed Jessica
  1990 | D:2      | Reached XP level 4. HP: 28/28 MP: 4/4
  1997 | D:2      | Noticed Terence
  2621 | D:2      | Killed Terence
  2937 | D:2      | Noticed Sigmund
  3058 | D:3      | Found an opulent altar of Gozag.
  3068 | D:3      | Reached XP level 5. HP: 29/33 MP: 5/5
  3138 | D:3      | Found a hide-covered altar of Uskayaw.
  3232 | D:3      | Found a runed translucent door.
  3233 | D:3      | Noticed Crazy Yiuf
  3510 | D:3      | Found a sparkling altar of Nemelex Xobeh.
  3524 | D:3      | Noticed Ijyb
  3535 | D:3      | Killed Ijyb
  3888 | D:4      | Noticed an ogre
  3898 | D:4      | Killed an ogre
  3899 | D:4      | Reached XP level 6. HP: 39/39 MP: 6/6
  3956 | D:4      | Found a blossoming altar of Fedhas.
  3959 | D:4      | Found an ancient bone altar of Kikubaaqudgha.
  4089 | D:4      | Reached skill level 5 in Fighting
  4141 | D:4      | Reached skill level 5 in Evocations
  4730 | D:4      | Reached XP level 7. HP: 31/44 MP: 7/7
  4974 | D:5      | Entered Level 5 of the Dungeon
  5074 | D:5      | Found Koxkikhu's Assorted Antiques.
  5183 | D:5      | Reached skill level 1 in Axes
  5316 | D:5      | Noticed Duvessa
  5344 | D:5      | Noticed Dowan
  5598 | D:5      | Reached skill level 2 in Axes
  5891 | D:5      | Reached XP level 8. HP: 51/51 MP: 8/8
  5996 | D:5      | Killed Duvessa
  5997 | D:5      | Reached skill level 3 in Axes
  6062 | D:5      | Killed Dowan
  6251 | D:5      | Reached skill level 4 in Axes
  6778 | D:6      | Noticed Eustachio
  6778 | D:6      | Found a transporter.
  7154 | D:5      | Killed Eustachio
  7155 | D:5      | Reached skill level 5 in Axes
  7402 | D:6      | Found a transporter.
  7806 | D:6      | Reached XP level 9. HP: 54/55 MP: 9/9
  7868 | D:6      | Reached skill level 6 in Axes
  8588 | D:6      | Reached skill level 7 in Axes
  8681 | D:6      | Found a bloodstained altar of Trog.
  8699 | D:6      | Found a staircase to the Ecumenical Temple.
  8752 | Temple   | Entered the Ecumenical Temple
  8819 | Temple   | Became a worshipper of Warmaster Okawaru
  8883 | D:7      | Identified the +3 falchion of Starshine {elec, Dex+6}
  8963 | D:7      | Noticed Maggie
 10226 | D:7      | Found a white marble altar of Elyvilon.
 10299 | D:7      | Noticed a hornet
 10332 | D:7      | Killed a hornet
 10554 | D:8      | Reached skill level 8 in Axes
 10661 | D:7      | Reached * piety under Okawaru
 10873 | D:8      | Noticed Grum
 11124 | D:3      | Killed Crazy Yiuf
 11398 | D:2      | Killed Sigmund
 11399 | D:2      | Reached skill level 9 in Axes
 11399 | D:2      | Reached XP level 10. HP: 31/60 MP: 10/10
 11634 | D:1      | Bought a scroll of fog for 28 gold pieces
 11634 | D:1      | Bought a scroll of fear for 49 gold pieces
 11636 | D:1      | Bought a scroll of teleportation for 42 gold pieces
 11764 | D:7      | Killed Maggie
 12383 | D:7      | Reached ** piety under Okawaru
 12384 | D:7      | Reached skill level 10 in Axes
 13462 | D:8      | Reached skill level 11 in Axes
 13486 | D:8      | Killed Grum
 13524 | D:8      | Found a shadowy altar of Dithmenos.
 13909 | D:8      | Found a basalt altar of Yredelemnul.
 14048 | D:8      | Found a glowing golden altar of the Shining One.
 14070 | D:8      | Noticed a two-headed ogre
 14089 | D:8      | Killed a two-headed ogre
 14089 | D:8      | Reached *** piety under Okawaru
 14403 | D:8      | Reached skill level 12 in Axes
 14403 | D:8      | Reached XP level 11. HP: 43/64 MP: 11/11
 14822 | D:9      | Noticed a seven-headed hydra
 14823 | D:9      | Noticed Pikel
 15303 | D:9      | Killed Pikel
 15652 | D:9      | Reached **** piety under Okawaru
 16027 | D:9      | Killed a one-headed hydra
 16028 | D:9      | Reached skill level 1 in Invocations
 16501 | D:9      | Reached skill level 13 in Axes
 16724 | D:10     | Entered Level 10 of the Dungeon
 16724 | D:10     | Noticed Psyche
 16772 | D:10     | Cast into level 1 of the Abyss (Psyche)
 16838 | Abyss:1  | Noticed a starcursed mass
 17073 | Abyss:1  | Noticed a starcursed mass
 17100 | Abyss:1  | Noticed a sun demon
 17195 | Abyss:1  | Noticed a tentacled starspawn
 17200 | Abyss:1  | Noticed an angel
 17259 | Abyss:1  | Noticed a thrashing horror
 17332 | Abyss:1  | Slain by a tentacled starspawn

Illustrated notes

Levels and vault maps discovered:
D:1:      nzn_arrival_depleted_hourglass, layout_basic, serial_shops, shop,
          nicolae_square_shop, nicolae_lakefront_shop, shop, shop,
          ebering_ecumenical_altar_mist, minmay_tripent
D:2:      layout_rooms, chequers_serial_rivers_micro_d, uniq_terence,
          uniq_sigmund, uniq_jessica
D:3:      layout_rooms, lemuel_doored_altar, general_overflow_altar,
          lemuel_tele_altar, uniq_crazy_yiuf_cottage, uniq_ijyb
D:4:      layout_loops_cross, grunt_temple_overflow_growth_and_decay
D:5:      layout_loops_ring, serial_shops, shop, uniq_duvessa
D:6:      gammafunk_steamed_eel, layout_basic, mainiacjoe_overflow_alcove_1,
          temple_fountains, uniq_eustachio
D:7:      layout_loops_ring, kennysheep_little_box, uniq_maggie
D:8:      layout_layer_cave, tso_altar, mainiacjoe_overflow_boulevard,
          lemuel_zombie_altar_yredelemnul, uniq_grum
D:9:      minmay_evil_eye, layout_rooms, nicolae_elevator_lobby_asterisk,
          uniq_pikel
D:10:     layout_loops_ring, kennysheep_generic_room_12, uniq_snorg, uniq_psyche
Temple:   nicolae_temple_x_marks_the_god
Abyss:1:  base: D:10, hangedman_summoners_spam, evilmike_abyss_exit_9

Skill      XL: |  1  2  3  4  5  6  7  8  9 10 11 |
---------------+----------------------------------+-----
Evocations     | 3 4 5 6 7 8 |  8.0
Fighting       | 2 3 4 5 |  5.9
Axes           | 2 5 9 12 13 | 13.3
Invocations    | 1 |  1.7
Armour         | |  2.1
Dodging        | |  0.7
Stealth        | |  1.1

Action                   |  1- 3 |  4- 6 |  7- 9 | 10-12 || total
-------------------------+-------+-------+-------+-------++-------
Melee: Club              |    57 |       |       |       ||    57
       Spear             |    60 |     9 |       |       ||    69
       Trident           |       |    94 |    94 |       ||   188
       Dagger            |       |       |    76 |       ||    76
       Hand axe          |       |       |   106 |   303 ||   409
       Broad axe         |       |       |       |    12 ||    12
       Punch             |       |       |       |     1 ||     1
 Fire: Hunting sling     |       |    52 |   127 |    98 ||   277
Throw: Boomerang         |     4 |       |       |       ||     4
       Dart              |       |    12 |    32 |    42 ||    86
Invok: Heroism           |       |       |       |    11 ||    11
Evoke: Wand              |     2 |       |     4 |     8 ||    14
  Use: Scroll            |       |       |    13 |     8 ||    21
       Potion            |       |       |     6 |       ||     6
 Stab: Sleeping          |     1 |     2 |     2 |       ||     5
       Invisible         |       |       |     2 |       ||     2
Armor: Leather armour    |    37 |    51 |   177 |     2 ||   267
       Acid dragon scale |       |       |       |   172 ||   172
Dodge: Dodged            |    74 |    71 |   267 |   223 ||   635

Table legend: (Time is in decaauts)
 A = Elapsed time spent in this place.
 B = Non-inter-level travel time spent in this place.
 C = Inter-level travel time spent in this place.
 D = Time resting spent in this place.
 E = Time spent auto-exploring this place.
 F = Levels seen in this place.
 G = Mean time per level.
                   A        B        C        D        E       F      G
               +--------+--------+--------+--------+--------+-----+--------+
         Total |  17361 |  15974 |   1387 |   6054 |   6519 |  12 | 1446.8 |
       Dungeon |  16740 |  15378 |   1362 |   5716 |   6471 |  10 | 1674.0 |
        Temple |     77 |     52 |     25 |      0 |     46 |   1 |   77.0 |
         Abyss |    543 |    543 |      0 |    338 |      2 |   1 |  543.0 |
               +--------+--------+--------+--------+--------+-----+--------+

Top non-repeatable levels by time:
     D:7: 3191 daAuts
     D:1: 2580 daAuts
     D:5: 2339 daAuts
     D:8: 1918 daAuts
     D:4: 1612 daAuts
     D:6: 1594 daAuts
     D:9: 1422 daAuts
     D:2: 1104 daAuts
     D:3: 930 daAuts
 Abyss:1: 543 daAuts
  Temple: 77 daAuts
    D:10: 46 daAuts
